[Event "Titled Tuesday Blitz January 10 Late 2023"]
[White "Dias, Joao Batista"]
[Black "Bon, Michael"]
[WhiteFideId "2108240"]
[BlackFideId "620696"]
[WhiteElo "1796"]
[BlackElo "2394"]
[Result "0-1"]
[Round "04"]
[TimeControl "180+2"]
[Date "2023.01.10"]
[WhiteClock "0:00:14"]
[BlackClock "0:00:25"]

1. e4 c5 2. Nf3 d6 3. Bc4 Nf6 4. d3 Nc6 5. h3 g6 6. c3 Bg7 7. O-O O-O 8. Bg5 d5 9. Bxf6 dxc4 10. Bxg7 Kxg7 11. dxc4 Be6 12. b3 a5 13. Na3 a4 14. Nb5 Na5 15. Ng5 Bd7 16. Qc2 Qb6 17. f4 Bxb5 18. cxb5 Qxb5 19. f5 axb3 20. axb3 Qxb3 21. Qd3 Rad8 22. Qg3 Nc6 23. Rab1 Qc2 24. Rxb7 Rd1 25. Rxd1 Qxd1+ 26. Kh2 Qd6 27. Qxd6 exd6 28. Rc7 Ne5 29. Ne6+ Kg8 30. Nxf8 Kxf8 31. g4 g5 32. Kg3 h6 33. h4 Ke8 34. hxg5 hxg5 35. Rb7 Kf8 36. Ra7 Ke8 37. f6 Nd7 38. Ra6 Nxf6 39. Kf3 Ke7 40. Ra8 Nd7 41. Rg8 Ne5+ 42. Kg3 f6 43. Rh8 Ng6 44. Rg8 Nf4 45. Rh8 Ne2+ 46. Kf3 Nxc3 47. Rh7+ Ke6 48. Rh8 Nb5 49. Re8+ Kd7 50. Rf8 Ke7 51. Rb8 Nd4+ 52. Ke3 Nc6 53. Rh8 Ne5 54. Rh7+ Ke6 55. Rh8 Nxg4+ 56. Kd3 Ne5+ 57. Ke3 d5 58. exd5+ Kxd5 59. Rf8 c4 60. Rd8+ Ke6 61. Ke4 f5+ 62. Kd4 Nc6+ 0-1


[Site "https://www.chess.com"]

[Event "Titled Tuesday Blitz January 10 Late 2023"]
[White "Gracia Alvarez, Gerardo Antonio"]
[Black "Rodrigues, Leonardo De Miranda"]
[WhiteFideId "5109124"]
[BlackFideId "2108658"]
[WhiteElo "2238"]
[BlackElo "2112"]
[Result "0-1"]
[Round "04"]
[TimeControl "180+2"]
[Date "2023.01.10"]
[WhiteClock "0:00:06"]
[BlackClock "0:00:21"]

1. d4 Nf6 2. Bf4 c5 3. e3 d5 4. Nf3 Nc6 5. Nbd2 Bg4 6. c3 e6 7. Qb3 Qb6 8. h3 Bxf3 9. Nxf3 c4 10. Qc2 Be7 11. Be2 Qa5 12. O-O b5 13. b3 O-O 14. bxc4 bxc4 15. Nd2 Qd8 16. e4 Qd7 17. Rab1 Bd8 18. Rb2 Bc7 19. Rb7 Rfc8 20. Rfb1 Nd8 21. Rxc7 Rxc7 22. Bxc7 Qxc7 23. Qa4 Qc6 24. Qxc6 Nxc6 25. Rb7 Rb8 26. Rc7 Nd8 27. e5 Ne8 28. Rxa7 Kf8 29. Nf3 Rb1+ 30. Bf1 h6 31. a4 Nc6 32. Ra6 Nb8 33. Ra8 Nc7 34. Ra7 Nba6 35. g4 Ke8 36. g5 Kd7 37. gxh6 gxh6 38. Kg2 Kc8 39. Be2 Kb8 40. Rxc7 Kxc7 41. Nh2 Rc1 42. Ng4 Rxc3 43. Nxh6 Nb4 44. Nxf7 Rc2 45. Kf3 Nd3 46. h4 Ne1+ 47. Ke3 Ng2+ 48. Kf3 Nxh4+ 0-1


[Site "https://www.chess.com"]

[Event "Titled Tuesday Blitz January 10 Late 2023"]
[White "Curtis, John"]
[Black "Jakubowski, Krzysztof"]
[WhiteFideId "3200256"]
[BlackFideId "1112848"]
[WhiteElo "2292"]
[BlackElo "2486"]
[Result "0-1"]
[Round "04"]
[TimeControl "180+2"]
[Date "2023.01.10"]
[WhiteClock "0:00:16"]
[BlackClock "0:00:57"]

1. e4 c5 2. Nf3 e6 3. d4 cxd4 4. Nxd4 a6 5. Nc3 b5 6. g3 Bb7 7. Bg2 h5 8. O-O h4 9. Re1 hxg3 10. hxg3 Ne7 11. Bf4 Ng6 12. Bxb8 Qxb8 13. Qd2 Bc5 14. a3 Qe5 15. Rad1 Qh5 16. Ndxb5 Qh2+ 17. Kf1 O-O 18. Qxd7 Rab8 19. b4 Bxf2 20. Kxf2 Ne5 21. Rh1 Qxh1 22. Bxh1 Nxd7 23. Rxd7 axb5 24. Nxb5 Bc6 25. Rd4 Bxb5 26. c4 Ba4 27. c5 Rfd8 28. Rd6 Rxd6 29. cxd6 e5 30. Bf3 Rd8 31. Bd1 Bxd1 0-1


[Site "https://www.chess.com"]

[Event "Titled Tuesday Blitz January 10 Late 2023"]
[White "Silva, Caio Henrique Angelico"]
[Black "Altman, Joshua"]
[WhiteFideId "22777210"]
[BlackFideId "426210"]
[WhiteElo "2129"]
[BlackElo "2120"]
[Result "1-0"]
[Round "04"]
[TimeControl "180+2"]
[Date "2023.01.10"]
[WhiteClock "0:00:40"]
[BlackClock "0:00:48"]

1. Nf3 Nf6 2. g3 b6 3. Bg2 Bb7 4. O-O e6 5. b3 Be7 6. Bb2 O-O 7. c4 c5 8. d4 cxd4 9. Nxd4 Bxg2 10. Kxg2 Nc6 11. Nxc6 dxc6 12. Qxd8 Rfxd8 13. Nc3 Rd2 14. Rab1 Bb4 15. Nd1 Rxe2 16. a3 Bc5 17. b4 Be7 18. Ne3 Rd8 19. Kf3 Red2 20. Bc3 R2d3 21. Rbc1 h6 22. Ke2 Ne4 23. Nd5 R8xd5 24. cxd5 Rxc3 25. dxc6 Bd6 26. f3 Rxc1 27. Rxc1 Nf6 28. c7 Bxc7 29. Rxc7 a5 30. bxa5 bxa5 31. Rc5 a4 32. Ra5 Nd5 33. Kd3 Nb6 34. Ra6 Nd7 35. Ra8+ Kh7 36. Ra7 Ne5+ 37. Ke4 Nc4 38. Rxa4 f5+ 39. Kd4 Nd2 40. Ke3 Nf1+ 41. Kf2 Nd2 42. Rb4 e5 43. Ke2 1-0


[Site "https://www.chess.com"]

[Event "Titled Tuesday Blitz January 10 Late 2023"]
[White "Rose, Felix"]
[Black "Reprintsev, Alexander"]
[WhiteFideId "5105722"]
[BlackFideId "14100541"]
[WhiteElo "2091"]
[BlackElo "2253"]
[Result "0-1"]
[Round "04"]
[TimeControl "180+2"]
[Date "2023.01.10"]
[WhiteClock "0:00:09"]
[BlackClock "0:00:29"]

1. e4 d5 2. exd5 Qxd5 3. Nc3 Qa5 4. d4 Nf6 5. Bd2 Bg4 6. Nf3 e6 7. h3 Bxf3 8. Qxf3 c6 9. O-O-O Nbd7 10. g4 Bd6 11. Kb1 Qc7 12. g5 Nd5 13. Ne4 Bf4 14. c4 Bxd2 15. cxd5 Bf4 16. dxe6 fxe6 17. Qh5+ g6 18. Qg4 O-O-O 19. Bc4 Kb8 20. Bxe6 Nb6 21. Nf6 Ka8 22. h4 h5 23. Qf3 Bd6 24. Qe4 Qg7 25. Bb3 Be7 26. Rhg1 Bxf6 27. gxf6 Qxf6 28. Rxg6 Qxf2 29. Rg5 Rhe8 30. Qf5 Qe2 31. Rxh5 Nd5 32. Rh7 Ne3 33. Qf7 Qb5 34. Rc1 Rb8 35. h5 Qd3+ 36. Ka1 Rf8 37. Qg7 Rf1 38. Qg6 Rxc1# 0-1


[Site "https://www.chess.com"]

[Event "Titled Tuesday Blitz January 10 Late 2023"]
[White "Cepo, Toni"]
[Black "Womacka, Mathias"]
[WhiteFideId "4675916"]
[BlackFideId "4611390"]
[WhiteElo "2145"]
[BlackElo "2396"]
[Result "0-1"]
[Round "04"]
[TimeControl "180+2"]
[Date "2023.01.10"]
[WhiteClock "0:01:47"]
[BlackClock "0:02:39"]

1. e4 c5 2. Nf3 d6 3. Bb5+ Nd7 4. O-O a6 5. Bxd7+ Bxd7 6. d4 cxd4 7. Nxd4 Nf6 8. Nc3 g6 9. f4 Bg7 10. e5 dxe5 11. fxe5 Ng4 12. e6 Bxe6 13. Nxe6 Qb6+ 14. Kh1 Qxe6 15. Re1 Nf2+ 0-1


[Site "https://www.chess.com"]

[Event "Titled Tuesday Blitz January 10 Late 2023"]
[White "Guzman Moneo, Alberto"]
[Black "Ansh M Shah"]
[WhiteFideId "2209616"]
[BlackFideId "25033379"]
[WhiteElo "2170"]
[BlackElo "2171"]
[Result "0-1"]
[Round "04"]
[TimeControl "180+2"]
[Date "2023.01.10"]
[WhiteClock "0:00:20"]
[BlackClock "0:00:02"]

1. e4 c6 2. Nf3 d5 3. d3 Nf6 4. e5 Ng8 5. d4 Bf5 6. c4 e6 7. Nc3 Nd7 8. Qb3 Qb6 9. c5 Qxb3 10. axb3 a6 11. b4 Rc8 12. Nd2 h6 13. Nb3 f6 14. f4 g5 15. exf6 gxf4 16. f7+ Kxf7 17. Bxf4 e5 18. dxe5 Nxe5 19. Nd4 Nd3+ 20. Bxd3 Bxd3 21. Kd2 Bg6 22. Be5 Bg7 23. Rhf1+ Nf6 24. Rxf6+ Bxf6 25. Rf1 Rce8 26. Rxf6+ Kg7 27. Ne6+ Kh7 28. Bd4 Rhg8 29. g4 h5 30. gxh5 Bxh5 31. h4 Rg2+ 32. Kc1 Bg6 33. Ng5+ Kh6 34. Ne6 Rc2+ 35. Kd1 Rxb2 36. Be3+ Kh7 37. Ng5+ Kg7 38. Bd4 Kh6 39. Ne6 Rxb4 40. Ne2 Rb1+ 41. Kd2 Rh1 42. N2f4 Rg8 43. h5 Rxh5 44. Nxh5 Kxh5 45. Nf4+ Kg5 46. Nxg6 Rxg6 47. Rxg6+ Kxg6 48. Kc3 Kf5 49. Kb4 Ke4 50. Kc3 a5 51. Bg1 a4 52. Kb4 d4 53. Kxa4 d3 54. Kb3 Kf3 55. Kc3 Ke2 56. Be3 Kxe3 57. Kb4 d2 58. Ka5 d1=Q 59. Kb6 Qb3+ 60. Kc7 Qd5 61. Kb6 Kd4 62. Ka7 Qxc5+ 63. Kb8 b5 64. Ka8 Qe7 0-1


[Site "https://www.chess.com"]

[Event "Titled Tuesday Blitz January 10 Late 2023"]
[White "Novikova, Galina"]
[Black "Marin Ramirez, Gerardo"]
[WhiteFideId "4157095"]
[BlackFideId "3901068"]
[WhiteElo "2073"]
[BlackElo "2127"]
[Result "1-0"]
[Round "04"]
[TimeControl "180+2"]
[Date "2023.01.10"]
[WhiteClock "0:01:21"]
[BlackClock "0:00:07"]

1. e4 c5 2. Nf3 d6 3. d4 cxd4 4. Nxd4 Nf6 5. Nc3 a6 6. h3 e6 7. g4 h6 8. Bg2 Be7 9. Be3 g5 10. Qd2 Nfd7 11. O-O-O Ne5 12. b3 Qa5 13. Kb1 Bd7 14. f4 gxf4 15. Bxf4 Nbc6 16. Rhf1 Ng6 17. Be3 Nb4 18. Kb2 Rc8 19. a3 Nc6 20. Nde2 h5 21. g5 h4 22. Nc1 b5 23. Qf2 b4 24. Qxf7+ Kd8 25. axb4 Qxb4 26. N1a2 Qb7 27. Qxg6 Ne5 28. Qg7 Re8 29. Kc1 d5 30. exd5 Ba3+ 31. Kb1 Nc4 32. dxe6 Rxe6 33. Rf8+ 1-0


[Site "https://www.chess.com"]

[Event "Titled Tuesday Blitz January 10 Late 2023"]
[White "Stavri, Gligor"]
[Black "Forgacs, Attila Jr."]
[WhiteFideId "4706013"]
[BlackFideId "773654"]
[WhiteElo "1867"]
[BlackElo "2264"]
[Result "1-0"]
[Round "04"]
[TimeControl "180+2"]
[Date "2023.01.10"]
[WhiteClock "0:00:10"]
[BlackClock "0:00:11"]

1. d4 Nf6 2. c4 g6 3. Nc3 Bg7 4. e4 d6 5. Nf3 O-O 6. Be2 Nbd7 7. O-O e5 8. Re1 c6 9. Bf1 Ne8 10. Rb1 f5 11. dxe5 dxe5 12. exf5 gxf5 13. c5 e4 14. Ng5 Qe7 15. Bc4+ Kh8 16. Qh5 Bxc3 17. bxc3 Ne5 18. Bb3 Nf6 19. Qh4 a5 20. Bf4 Ng6 21. Bd6 Qxd6 22. cxd6 Nxh4 23. Ne6 Bxe6 24. Bxe6 Rad8 25. Red1 b5 26. a4 bxa4 27. Rb6 Rfe8 28. Bf7 Re5 29. Rxc6 a3 30. Ba2 f4 31. Rc7 Nf5 32. d7 Re7 33. Rc8 Rxd7 34. Rxd8+ Rxd8 35. Rxd8+ Kg7 36. Ra8 e3 37. fxe3 Nxe3 38. Kf2 Nd1+ 39. Kf3 Nxc3 40. Bb3 a2 41. Rxa5 a1=Q 42. Rxa1 Ncd5 43. Ra7+ Kg6 44. Bxd5 Nxd5 45. Ra5 Nf6 46. Kxf4 Nh5+ 47. Kg4 Nf6+ 48. Kf3 h6 49. Ra1 Kg7 50. Rb1 Kg6 51. Rc1 Kg7 52. Rb1 Kg6 53. Ra1 Nd5 54. Rb1 Nc3 55. Rc1 Nd5 56. Rc6+ Kg5 57. Rd6 Nf6 58. Ra6 Kg6 59. Kf4 Kg7 60. Kf5 Nd5 61. Ra7+ Kf8 62. Kg6 Nf4+ 63. Kf6 Nxg2 64. Ra8# 1-0


[Site "https://www.chess.com"]

[Event "Titled Tuesday Blitz January 10 Late 2023"]
[White "Simonovic, Miroslav"]
[Black "Miszler, Levente"]
[WhiteFideId "919152"]
[BlackFideId "763276"]
[WhiteElo "2082"]
[BlackElo "2271"]
[Result "0-1"]
[Round "04"]
[TimeControl "180+2"]
[Date "2023.01.10"]
[WhiteClock "0:00:14"]
[BlackClock "0:00:39"]

1. d4 Nf6 2. Bg5 Ne4 3. h4 c5 4. dxc5 Qa5+ 5. Nd2 h6 6. Bf4 Nxd2 7. Qxd2 Qxc5 8. e4 Nc6 9. O-O-O d6 10. Be3 Qa5 11. Qxa5 Nxa5 12. f4 e6 13. c4 Bd7 14. b3 b6 15. Nf3 Be7 16. e5 dxe5 17. Nxe5 Rd8 18. Be2 Nc6 19. Nxd7 Rxd7 20. Bf3 Ba3+ 21. Kb1 Rxd1+ 22. Rxd1 Nb4 23. c5 O-O 24. cxb6 axb6 25. Bxb6 Rc8 26. Rd8+ Rxd8 27. Bxd8 Nd3 28. g3 Bc5 29. Be2 Ne1 30. Ba5 Bf2 31. Bxe1 Bxe1 32. g4 Bg3 33. b4 Bxf4 34. b5 Be3 35. a4 Bb6 36. Kb2 f5 37. gxf5 exf5 38. Kb3 Kf7 39. Kb4 Ke7 40. a5 Be3 41. a6 Kd7 42. Ka5 Kc7 43. Bf3 g5 44. hxg5 hxg5 45. Kb4 g4 46. Bg2 f4 47. Kc3 f3 48. Bf1 g3 49. Kd3 g2 50. Bxg2 fxg2 51. Kxe3 g1=Q+ 52. Ke4 Kb6 53. a7 Kxa7 54. Kd5 Kb6 0-1


[Site "https://www.chess.com"]

[Event "Titled Tuesday Blitz January 10 Late 2023"]
[White "Kovacevic, Radmila"]
[Black "Gutkin, Ilya"]
[WhiteFideId "933171"]
[BlackFideId "16203470"]
[WhiteElo "2106"]
[BlackElo "2273"]
[Result "0-1"]
[Round "04"]
[TimeControl "180+2"]
[Date "2023.01.10"]
[WhiteClock "0:00:11"]
[BlackClock "0:00:05"]

1. e4 c5 2. Nf3 Nc6 3. d4 cxd4 4. c3 d3 5. Bxd3 g6 6. h4 d6 7. h5 Bg7 8. Bf4 Bg4 9. hxg6 hxg6 10. Rxh8 Bxh8 11. Qb3 Qb6 12. Qxb6 axb6 13. Be3 Bxf3 14. gxf3 Ne5 15. Bb5+ Kf8 16. f4 Nc6 17. Bxb6 Nf6 18. f3 Nh5 19. Be3 Bg7 20. a4 Bh6 21. a5 Rxa5 22. Na3 Bxf4 23. Bb6 Ra8 24. Rd1 Ne5 25. Kf2 Bg3+ 26. Kg2 Bh4 27. Be3 Bf6 28. Rh1 Nc6 29. Nc4 Ra2 30. Bc1 Bxc3 31. Kh3 Bg7 32. f4 Nd4 33. Na3 Nxb5 34. Nxb5 Ra5 35. Nc3 Bxc3 36. bxc3 Rc5 37. Bd2 Rc4 38. Re1 Nf6 39. e5 dxe5 40. fxe5 Nd5 41. Bh6+ Ke8 42. e6 f5 43. Rg1 Rxc3+ 44. Kh4 Rc4+ 45. Kg5 Rg4+ 46. Rxg4 fxg4 47. Kxg4 Kd8 48. Kg5 Kc7 49. Kxg6 Kd6 50. Kf7 b5 51. Bc1 b4 52. Bb2 b3 53. Bc1 Kc5 54. Ba3+ Kc4 55. Bxe7 b2 56. Bf6 b1=Q 57. e7 Nxe7 58. Bxe7 Qf5+ 59. Bf6 Kd5 60. Kg7 Ke6 61. Bd8 Qf7+ 62. Kh6 Kf5 63. Bg5 Qg6# 0-1


[Site "https://www.chess.com"]

[Event "Titled Tuesday Blitz January 10 Late 2023"]
[White "Gerbelli Neto, Eduardo"]
[Black "Harish, Neeraj"]
[WhiteFideId "2103281"]
[BlackFideId "30958130"]
[WhiteElo "2114"]
[BlackElo "2232"]
[Result "1/2-1/2"]
[Round "04"]
[TimeControl "180+2"]
[Date "2023.01.10"]
[WhiteClock "0:00:12"]
[BlackClock "0:00:06"]

1. e4 c5 2. Nc3 Nc6 3. f4 g6 4. Nf3 Bg7 5. Bc4 e6 6. f5 gxf5 7. d3 Nge7 8. O-O O-O 9. Qe1 d5 10. Bb3 fxe4 11. dxe4 d4 12. Ne2 Ng6 13. Nf4 b5 14. c4 dxc3 15. bxc3 c4 16. Bc2 Nce5 17. Nh5 Nd3 18. Bxd3 Qxd3 19. Nxg7 Kxg7 20. Be3 Bb7 21. Bd4+ f6 22. Ng5 Rae8 23. Rd1 Qc2 24. Rd2 Qa4 25. Qf2 e5 26. Bc5 fxg5 27. Bxf8+ Rxf8 28. Qe2 Rxf1+ 29. Kxf1 b4 30. Qxc4 Qc6 31. Qxc6 Bxc6 32. cxb4 Bxe4 33. Rd7+ Kf6 34. Rxa7 h5 35. g3 Ne7 36. Ra6+ Kf5 37. Kf2 h4 38. b5 hxg3+ 39. hxg3 Bd5 40. a4 e4 41. Ra7 Ke6 42. Ke3 Nf5+ 43. Kf2 e3+ 44. Ke2 Bc4+ 45. Kf3 Ke5 46. g4 Nd4+ 47. Kxe3 Nc2+ 48. Kd2 Nd4 49. b6 Kd6 50. Rc7 Nc6 51. Kc3 Be6 52. Rg7 Bxg4 53. Rxg5 Bc8 54. Rg7 Ba6 55. b7 Nb8 56. Kb4 Nc6+ 57. Kc3 Nb8 58. Kb3 Nc6 59. Rg6+ Kc7 60. Rg7+ Kb6 61. Rg6 Bxb7 62. Kc3 Ka6 63. Kb3 Ka5 64. Ka3 Kb6 65. Rg7 Ka6 66. Rg5 Kb6 67. Rb5+ Ka6 68. Rb3 Ba8 69. Rg3 Bb7 70. Rg6 Kb6 71. Kb3 Ka6 72. Rf6 Kb6 73. Rg6 Ka6 74. Rf6 Kb6 75. Rg6 1/2-1/2


[Site "https://www.chess.com"]

[Event "Titled Tuesday Blitz January 10 Late 2023"]
[White "Filgueira, Hernan"]
[Black "Souza, Gustavo Horokoski De"]
[WhiteFideId "101770"]
[BlackFideId "2146584"]
[WhiteElo "2283"]
[BlackElo "1943"]
[Result "1-0"]
[Round "04"]
[TimeControl "180+2"]
[Date "2023.01.10"]
[WhiteClock "0:02:10"]
[BlackClock "0:00:42"]

1. b3 Nf6 2. Bb2 g6 3. g3 Bg7 4. Bg2 d6 5. Nf3 O-O 6. d4 Nbd7 7. O-O c5 8. c4 a6 9. Nc3 Rb8 10. a4 b6 11. Qd2 Bb7 12. d5 Ne8 13. e4 f5 14. Ng5 Nc7 15. f4 fxe4 16. Ncxe4 h6 17. Nf3 Nf6 18. Nh4 Qe8 19. Rae1 Nxe4 20. Bxe4 Bxb2 21. Qxb2 Rf6 22. g4 Qf7 23. g5 Rxf4 24. Nxg6 Rg4+ 25. Kh1 Rxe4 26. Qh8# 1-0


[Site "https://www.chess.com"]

[Event "Titled Tuesday Blitz January 10 Late 2023"]
[White "Rodriguez Fontecha, Marcos"]
[Black "Pinero Rodriguez, Carlos Jose"]
[WhiteFideId "2256576"]
[BlackFideId "3901726"]
[WhiteElo "2309"]
[BlackElo "2246"]
[Result "1-0"]
[Round "04"]
[TimeControl "180+2"]
[Date "2023.01.10"]
[WhiteClock "0:00:21"]
[BlackClock "0:00:57"]

1. e4 c5 2. Nc3 d6 3. g3 g6 4. Bg2 Bg7 5. d3 Nc6 6. Be3 Nf6 7. h3 O-O 8. Qd2 Re8 9. Nge2 a6 10. O-O Bd7 11. Bh6 Bh8 12. f4 Nd4 13. f5 Nxe2+ 14. Nxe2 Bc6 15. Bg5 Bg7 16. Qf4 Rc8 17. Qh4 Qb6 18. b3 Qb4 19. Rae1 a5 20. c3 Qb5 21. d4 a4 22. e5 Bxg2 23. Kxg2 Qc6+ 24. Kh2 Ne4 25. Bf4 d5 26. e6 fxe6 27. fxg6 hxg6 28. Be5 Bxe5 29. dxe5 Kg7 30. Nf4 Rh8 31. Qxe7+ Kh6 32. Rxe4 dxe4 33. Qh4+ Kg7 34. Qf6+ Kg8 35. Qxg6+ Kf8 36. Nd5# 1-0


[Site "https://www.chess.com"]

[Event "Titled Tuesday Blitz January 10 Late 2023"]
[White "De Souza, Cristiano Gomes"]
[Black "Mikhalsky, Vladimir"]
[WhiteFideId "2151758"]
[BlackFideId "14144352"]
[WhiteElo "2018"]
[BlackElo "2219"]
[Result "1-0"]
[Round "04"]
[TimeControl "180+2"]
[Date "2023.01.10"]
[WhiteClock "0:02:10"]
[BlackClock "0:00:41"]

1. d4 Nf6 2. c4 g6 3. Nc3 Bg7 4. e4 O-O 5. Nf3 d6 6. Be2 e5 7. O-O Nc6 8. d5 Ne7 9. Ne1 Nd7 10. Be3 f5 11. f3 f4 12. Bf2 g5 13. Nb5 a6 14. Na7 h5 15. Rc1 b6 16. Nxc8 Qxc8 17. Nd3 a5 18. a3 a4 19. Nb4 Nc5 20. Na2 Nb3 21. Rc2 Nd4 22. Rd2 Qd7 23. Nc3 Kh7 24. Bd3 g4 25. fxg4 hxg4 26. Bxd4 exd4 27. e5+ Ng6 28. e6 Qe8 29. Nb5 f3 30. Nxc7 Qe7 31. Nxa8 Rxa8 32. gxf3 Bh6 33. Rg2 Be3+ 34. Kh1 Kh6 35. Bxg6 Kxg6 36. Rxg4+ Kf6 37. Qd3 1-0


[Site "https://www.chess.com"]

[Event "Titled Tuesday Blitz January 10 Late 2023"]
[White "Estrada Nieto, Julian"]
[Black "Wang, Alexander J"]
[WhiteFideId "5101018"]
[BlackFideId "30955270"]
[WhiteElo "2215"]
[BlackElo "1815"]
[Result "1-0"]
[Round "04"]
[TimeControl "180+2"]
[Date "2023.01.10"]
[WhiteClock "0:02:35"]
[BlackClock "0:01:36"]

1. e4 c5 2. Nf3 d6 3. Bb5+ Bd7 4. Bxd7+ Qxd7 5. O-O Nc6 6. Qe2 g6 7. c3 Bg7 8. Rd1 Nf6 9. d4 b6 10. h3 O-O 11. Bg5 h6 12. Bh4 g5 13. d5 Ne5 14. Nxe5 dxe5 15. Bg3 Nh5 16. Qxh5 1-0


[Site "https://www.chess.com"]

[Event "Titled Tuesday Blitz January 10 Late 2023"]
[White "Thiel, Thomas"]
[Black "Peatman, Carter"]
[WhiteFideId "4615964"]
[BlackFideId "2096480"]
[WhiteElo "2234"]
[BlackElo "1998"]
[Result "1-0"]
[Round "04"]
[TimeControl "180+2"]
[Date "2023.01.10"]
[WhiteClock "0:00:01"]
[BlackClock "0:00:06"]

1. e4 e5 2. Nf3 Nf6 3. Nxe5 d6 4. Nf3 Nxe4 5. d4 d5 6. Bd3 Nd6 7. O-O Be7 8. c3 O-O 9. Bf4 c6 10. Re1 Nd7 11. Nbd2 Re8 12. Nf1 Nf8 13. Ng3 Ne6 14. Bd2 g6 15. Ne5 Ng7 16. Qc2 Ngf5 17. Nxf5 Bxf5 18. Bxf5 Nxf5 19. Re2 Nd6 20. Rae1 Qc7 21. Bf4 Rad8 22. h3 Qb6 23. Qb3 Qa6 24. Nxc6 Qxc6 25. Rxe7 Rxe7 26. Rxe7 b6 27. Bxd6 Qxd6 28. Re5 f6 29. Re3 Kg7 30. Qd1 Rd7 31. Qe2 Qf8 32. Re6 Qd8 33. g3 Qc7 34. Kg2 a5 35. h4 h5 36. a3 Kf7 37. Qe3 b5 38. Re8 Kg7 39. Qe6 b4 40. axb4 axb4 41. Qg8+ Kh6 42. Qh8+ Rh7 43. Qxf6 Rg7 44. Re6 Rh7 45. Qg5+ Kg7 46. Qxg6+ Kf8 47. Re8# 1-0


[Site "https://www.chess.com"]

[Event "Titled Tuesday Blitz January 10 Late 2023"]
[White "Smith, Garrett L"]
[Black "Hollan, Petr"]
[WhiteFideId "2024829"]
[BlackFideId "360945"]
[WhiteElo "2047"]
[BlackElo "2235"]
[Result "1-0"]
[Round "04"]
[TimeControl "180+2"]
[Date "2023.01.10"]
[WhiteClock "0:00:17"]
[BlackClock "0:00:03"]

1. e4 e5 2. Nf3 Nc6 3. Bc4 d6 4. c3 Nf6 5. d3 Be7 6. O-O O-O 7. a4 Be6 8. Nbd2 Kh8 9. b4 Ng8 10. Re1 Bd7 11. b5 Na5 12. Ba2 f5 13. Ba3 b6 14. h3 f4 15. d4 Bf6 16. Bd5 c6 17. bxc6 Bxc6 18. dxe5 dxe5 19. Bxf8 Qxf8 20. Nb3 Nxb3 21. Qxb3 Rc8 22. Red1 Ne7 23. Bxc6 Nxc6 24. Rd7 Na5 25. Qb4 Qe8 26. Rad1 h6 27. Qb5 Rxc3 28. Rd8 Qxd8 29. Rxd8+ Bxd8 30. Qe8+ Kh7 31. Qxd8 Nc4 32. Qe7 Rc1+ 33. Kh2 a5 34. Qe6 Kh8 35. Nxe5 Nd2 36. Qe8+ Kh7 37. Qg6+ Kg8 38. h4 Nf1+ 39. Kh3 Rc3+ 40. Nf3 Nd2 41. Qe6+ Kh8 42. Qe8+ Kh7 43. Qh5 Rc5 44. Qf7 Nxe4 45. Qxf4 Nf6 46. Qd4 Rc6 47. g4 Re6 48. g5 Ne4 49. Qd3 Kg8 50. Qd8+ Kf7 51. Qd7+ Re7 52. Qf5+ Ke8 53. Ne5 Nxf2+ 54. Qxf2 Rxe5 55. Qxb6 Kf7 56. Qc7+ Ke6 57. gxh6 gxh6 58. Qc6+ Kf5 59. Qxh6 Re4 60. Qh7+ Ke5 61. Qe7+ Kd4 62. Qd6+ Ke3 63. h5 Rxa4 64. Qc5+ Rd4 65. Qxa5 Rd3 66. Qg5+ Kf2+ 67. Kh4 Rd4+ 68. Qg4 Rd7 69. h6 Rd5 70. h7 Rd6 71. h8=Q Rh6+ 72. Qxh6 1-0


[Site "https://www.chess.com"]

[Event "Titled Tuesday Blitz January 10 Late 2023"]
[White "Dedona, Mark"]
[Black "Jenkins, Drake"]
[WhiteFideId "30920256"]
[BlackFideId "2022397"]
[WhiteElo "1662"]
[BlackElo "2130"]
[Result "1-0"]
[Round "04"]
[TimeControl "180+2"]
[Date "2023.01.10"]
[WhiteClock "0:01:51"]
[BlackClock "0:00:09"]

1. e4 c5 2. b3 Nf6 3. e5 Nd5 4. Nc3 Nxc3 5. dxc3 Nc6 6. Qd5 e6 7. Qe4 d6 8. f4 dxe5 9. fxe5 Qd5 10. Qxd5 exd5 11. Bb5 Bd7 12. Bxc6 Bxc6 13. Nf3 d4 14. cxd4 Bxf3 15. gxf3 cxd4 16. Bg5 Bb4+ 17. Ke2 h6 18. Bd2 Bc5 19. Kd3 O-O-O 20. Rhg1 g5 21. h4 gxh4 22. Rg7 Rde8 23. Bf4 Rhg8 24. Rxf7 Ref8 25. Rxf8+ Rxf8 26. Ke4 Kd7 27. Rh1 Be7 28. Bxh6 Ke6 29. Bxf8 Bxf8 30. Rxh4 1-0


[Site "https://www.chess.com"]

[Event "Titled Tuesday Blitz January 10 Late 2023"]
[White "Sailer, Mike"]
[Black "Weisz, Bryan"]
[WhiteFideId "2012901"]
[BlackFideId "30934133"]
[WhiteElo "2109"]
[BlackElo "1973"]
[Result "1-0"]
[Round "04"]
[TimeControl "180+2"]
[Date "2023.01.10"]
[WhiteClock "0:00:32"]
[BlackClock "0:02:38"]

1. d4 Nf6 2. Bf4 Nd5 3. Bg3 Nb4 4. a3 N4a6 5. e4 c6 6. c4 Nc7 7. Nc3 Ne6 8. Nf3 g6 9. Be2 Ng7 10. h3 Na6 11. O-O Nc7 12. b4 d6 13. Re1 Rb8 14. c5 Na8 15. Bc4 e6 16. cxd6 Bxd6 17. Bxd6 Qxd6 18. e5 Qd8 19. Ne4 O-O 20. Nf6+ Kh8 21. Qd2 Ne8 22. Qh6 Nxf6 23. exf6 Rg8 24. Ng5 1-0


[Site "https://www.chess.com"]

[Event "Titled Tuesday Blitz January 10 Late 2023"]
[White "Mazurkiewicz, Michal"]
[Black "Michalski, Olaf"]
[WhiteFideId "1124943"]
[BlackFideId "1106740"]
[WhiteElo "2145"]
[BlackElo "2273"]
[Result "0-1"]
[Round "04"]
[TimeControl "180+2"]
[Date "2023.01.10"]
[WhiteClock "0:00:10"]
[BlackClock "0:00:05"]

1. e4 c5 2. Nf3 a6 3. g3 b5 4. Bg2 Bb7 5. d3 g6 6. O-O Bg7 7. Re1 d6 8. c3 Nf6 9. Nbd2 e5 10. d4 Qc7 11. d5 Nbd7 12. c4 Bh6 13. Qe2 Qb6 14. a4 bxa4 15. Rxa4 O-O 16. h3 Rfb8 17. g4 Bf4 18. Nh2 a5 19. h4 Ba6 20. Bh3 Bxd2 21. Bxd2 Qb3 22. Ra3 Qxb2 23. Rea1 Nxe4 24. Qxe4 Qxd2 25. Rxa5 Bb7 26. Rxa8 Rxa8 27. Rxa8+ Bxa8 28. g5 Nb6 29. Ng4 Qc1+ 30. Kg2 Qxc4 31. Nf6+ Kh8 32. Qb1 Bxd5+ 33. Kg1 Qb4 34. Qa1 Qxh4 35. Qc1 Qf4 36. Qxf4 exf4 37. Kf1 Be6 38. Bg2 d5 39. Ke1 Kg7 40. Ne8+ Kf8 41. Nc7 Ke7 42. Na6 c4 43. Nc5 Kd6 44. Nb7+ Kc6 45. Nd8+ Kd7 46. Nb7 Kc7 47. Nc5 Nd7 48. Na6+ Kb6 49. Nb4 Nc5 50. Nc2 Kb5 51. Nd4+ Kb4 52. Nc6+ Kc3 53. Ne5 d4 54. Ng4 d3 55. Bf3 Bxg4 56. Bxg4 d2+ 57. Kd1 Nd3 58. Ke2 Nb2 59. Kf3 d1=Q+ 60. Kxf4 Qd4+ 61. Kg3 Qe5+ 62. f4 Qe3+ 63. Bf3 Nd3 64. Kh4 Qxf4+ 65. Bg4 Qxg4+ 66. Kxg4 Ne5+ 67. Kf4 Kd4 68. Kg3 c3 69. Kh4 c2 70. Kg3 c1=Q 71. Kh4 Qf4+ 72. Kh3 Qxg5 73. Kh2 Nf3+ 74. Kh3 Ne5 75. Kh2 Ke3 76. Kh1 Kf3 77. Kh2 Qg2# 0-1


[Site "https://www.chess.com"]

[Event "Titled Tuesday Blitz January 10 Late 2023"]
[White "Kho, Darrell"]
[Black "Abdyzhaparov, Aidar"]
[WhiteFideId "1019317"]
[BlackFideId "13800361"]
[WhiteElo "2075"]
[BlackElo "1978"]
[Result "0-1"]
[Round "04"]
[TimeControl "180+2"]
[Date "2023.01.10"]
[WhiteClock "0:00:03"]
[BlackClock "0:01:22"]

1. e4 d6 2. d4 Nf6 3. Nc3 e5 4. Nf3 Nbd7 5. Rg1 g6 6. g4 Bg7 7. Be3 O-O 8. Qd2 c6 9. O-O-O Re8 10. dxe5 dxe5 11. Bc4 b5 12. Bb3 a5 13. Ng5 Rf8 14. Bc5 a4 15. Bxf8 axb3 16. Bxg7 bxa2 17. Nxa2 Kxg7 18. Kb1 Qe7 19. Qd6 Qxd6 20. Rxd6 h6 21. Nf3 Nxe4 22. Rxc6 Nxf2 23. Nc3 b4 24. Nb5 Bb7 25. Rc7 Bxf3 26. Rf1 Be2 27. Rxf2 Bxb5 28. Rd2 Nf6 29. Rc5 Ne4 0-1


[Site "https://www.chess.com"]